 Dungeon Crawl Stone Soup version 0.20.1-1-g8b1a95d (webtiles) character file.

4572 empire the Covert (level 10, -15/68 HPs)
             Began as a Vampire Assassin on Sept 22, 2017.
             Was an Initiate of Dithmenos.
             Demolished by a two-headed ogre
             ... wielding a +0 giant spiked club
              (28 damage)
             ... on level 8 of the Dungeon.
             The game lasted 00:24:50 (8079 turns).

empire the Covert (Vampire Assassin)                Turns: 8079, Time: 00:24:51

Health: -15/68     AC: 13    Str: 10    XL:     10   Next: 18%
Magic:  10/10      EV: 18    Int: 14    God:    Dithmenos [......]
Gold:   344        SH:  0    Dex: 19    Spells: 9/9 levels left

rFire    . . .     SeeInvis +   a - +2 dagger
rCold    + . .     Gourm    .   (no shield)
rNeg     + + +     Faith    .   C - +2 leather armour of Ashenzari's Envy {-Cast rN+++ Stlth+}
rPois    +         Spirit   .   J - +0 helmet
rElec    .         Reflect  .   d - +1 cloak
rCorr    .         Harm     .   k - +2 pair of gloves
MR       +++..     NoCast   +   E - +0 pair of boots
Stlth    ++++++....             y - amulet of regeneration
Regen    0.9/turn               r - ring of protection from magic
MPRegen  0.2/turn               p - ring of poison resistance

@: regenerating quickly
A: fangs 3, see invisible, cold resistance 1, magic resistance 1, unbreathing
a: Renounce Religion


You were on level 8 of the Dungeon.
You worshipped Dithmenos.
Dithmenos was noncommittal.
You were full.

You visited 2 branches of the dungeon, and saw 9 of its levels.

You collected 344 gold pieces.

Inventory:

Hand Weapons
 a - a +2 dagger (weapon)
 b - a +0 dagger of venom
 j - a +0 blowgun
 t - a +2 dagger of venom
 A - a +0 long sword
 B - a +4 dagger
Missiles
 e - 8 poisoned needles
 f - 2 curare-tipped needles
Armour
 d - a +1 cloak (worn)
 g - a +0 troll leather armour
 k - a +2 pair of gloves (worn)
 C - the +2 leather armour of Ashenzari's Envy (worn) {-Cast rN+++ Stlth+}
   (You found it on level 4 of the Dungeon)

   It renders you almost immune to negative energy.
   It prevents spellcasting.
   It makes you more stealthy.
 E - a +0 pair of boots (worn)
 J - a +0 helmet (worn)
Jewellery
 i - an uncursed amulet of rage
 p - a ring of poison resistance (right hand)
 r - a ring of protection from magic (left hand)
 y - an amulet of regeneration (around neck)
 N - an uncursed amulet of harm
Wands
 c - a wand of polymorph (4/24)
 n - a wand of paralysis (14/24)
 q - a wand of lightning (4/15)
 x - a wand of lightning (4/15)
 D - a wand of disintegration (13/24)
 K - a wand of iceblast (15/15)
 O - a wand of disintegration (17/24)
Scrolls
 l - 3 scrolls of teleportation
 m - 2 scrolls of amnesia
 o - a scroll of recharging
 s - 5 scrolls of remove curse
 u - a scroll of identify
 w - a scroll of fog
 L - 3 scrolls of noise {unknown}
 Q - a scroll of fear
Potions
 h - 8 potions of blood
 v - a potion of brilliance
 z - a potion of might {unknown}
 F - 2 potions of agility {unknown}
 G - a potion of lignification {unknown}
Books
 I - a book of Geomancy

   Spells                             Type                      Level
   a - Sandblast                      Earth                        1
   b - Passwall                       Transmutation/Earth          2
   c - Stone Arrow                    Conjuration/Earth            3
   d - Petrify                        Transmutation/Earth          4
   e - Lee's Rapid Deconstruction     Earth                        5
 M - a book of Air

   Spells                             Type                      Level
   a - Shock                          Conjuration/Air              1
   b - Swiftness                      Charms/Air                   2
   c - Static Discharge               Conjuration/Air              3
   d - Airstrike                      Air                          4
   e - Lightning Bolt                 Conjuration/Air              5


   Skills:
 + Level 2.5 Fighting
 + Level 8.8 Short Blades
 - Level 1.5 Throwing
 + Level 5.2 Armour
 + Level 8.3 Dodging
 + Level 12.8 Stealth


You had 9 spell levels left.
You didn't know any spells.

Dungeon Overview and Level Annotations

Branches:
Dungeon (8/15)             Temple (1/1) D:7            Lair (0/6) D:8

Altars:
Ashenzari
Cheibriados
Dithmenos
Elyvilon
Fedhas
Gozag
Hepliaklqana
Kikubaaqudgha
Makhleb
Nemelex Xobeh
Okawaru
Qazlal
Ru
Sif Muna
Trog
Uskayaw
Vehumet
Xom
Yredelemnul
Zin
The Shining One

Shops:
D:5 :   D:6 :

Annotations:
D:3 vineage's ghost, weakling DsGl


Innate Abilities, Weirdness & Mutations

Your natural rate of healing is unusually fast.
You have razor-sharp teeth.
You have supernaturally acute eyesight. (SInv)
You can survive without breathing.
Your flesh is cold resistant. (rC+)
You are resistant to hostile enchantments. (MR+)


Message History

You hit the iguana.
You kill the iguana!
Dithmenos accepts your kill.
You see here an iguana corpse.
You see here 18 bolts.
A two-headed ogre comes into view.
It is wielding a giant spiked club and a giant club.
The two-headed ogre barely misses you.
The two-headed ogre hits you with a giant club!
You hit the two-headed ogre but do no damage.
You hit the two-headed ogre.
The two-headed ogre is lightly wounded.
The two-headed ogre hits you with a giant spiked club!!
The two-headed ogre hits you with a giant club!
* * * LOW HITPOINT WARNING * * *
You hit the two-headed ogre but do no damage.
The two-headed ogre is lightly wounded.
You barely miss the two-headed ogre.
The two-headed ogre is lightly wounded.
The two-headed ogre hits you with a giant spiked club!!
You die...

....# #.# #...#
#.# ##### #.#
#...# ####.# #.#
#..)# #..... #.#
#...# #.##.# #(#
##..)## #.##..
######.# #...).#
#.####
###......#
##.#.#.# #.####
......####
#####....#.##
#..... ###...#
#...@.......#
###### #####
.....#..O......#
#.# #.....#...#
#.........#
.............
#.........#.###
#.#.#.......#
..#........##


You could see a two-headed ogre.

Vanquished Creatures
  Pikel (D:8)
  Maurice (D:8)
  A troll (D:7)
  Grinder (D:5)
  Prince Ribbit (D:8)
  2 hippogriffs (D:7)
  2 water moccasins
  The ghost of rzd the Sneak, an amateur SpEn (D:4)
  An orc warrior (D:8)
  A sky beast (D:7)
  A black bear (D:8)
  4 ogres
  2 necrophages
  A phantom (D:8)
  3 centaurs
  A big kobold (D:8)
  2 bullfrogs
  3 scorpions
  3 killer bees
  A howler monkey (D:6)
  2 bullfrog zombies (D:5)
  2 crimson imps
  A quasit (D:5)
  2 hounds
  A jelly (D:7)
  3 orc priests
  3 iguanas
  An orc wizard (D:7)
  A bullfrog skeleton (D:8)
  Jessica (D:3)
  Terence (D:3)
  3 worker ants
  A hound skeleton (D:5)
  3 gnolls (D:5)
  16 adders
  A shadow imp (D:5)
  An ooze (D:7)
  An adder skeleton (D:6)
  A worm (D:4)
  2 dart slugs (D:1)
  9 leopard geckos
  18 orcs
  5 giant cockroaches
  5 hobgoblins
  7 jackals
  5 kobolds
  A quokka (D:7)
  A ball python (D:4)
  9 bats
  6 frilled lizards
  10 goblins
  A jackal skeleton (D:4)
  A leopard gecko skeleton (D:5)
  8 rats
166 creatures vanquished.

Vanquished Creatures (others)
  A gnoll (D:5)
1 creature vanquished.

Grand Total: 167 creatures vanquished

Notes
Turn   | Place    | Note
-------+----------+-------------------------------------------
     0 | D:1      | empire the Vampire Assassin began the quest for the Orb.
     0 | D:1      | Reached XP level 1. HP: 16/16 MP: 1/1
   392 | D:1      | Reached skill level 6 in Stealth
   407 | D:1      | Reached XP level 2. HP: 20/22 MP: 2/2
  1010 | D:2      | Reached XP level 3. HP: 27/27 MP: 3/3
  1655 | D:3      | Noticed vineage's ghost (weakling DsGl)
  1664 | D:3      | Reached XP level 4. HP: 33/33 MP: 4/4
  1752 | D:3      | Noticed Terence
  1758 | D:3      | Killed Terence
  1946 | D:3      | Reached skill level 7 in Stealth
  2010 | D:3      | Reached XP level 5. HP: 36/38 MP: 5/5
  2191 | D:3      | Found a sparkling altar of Nemelex Xobeh.
  2252 | D:3      | Noticed Jessica
  2261 | D:3      | Killed Jessica
  2921 | D:4      | Noticed an ogre
  2928 | D:4      | Killed an ogre
  2928 | D:4      | Reached XP level 6. HP: 44/44 MP: 6/6
  3052 | D:4      | Noticed rzd's ghost (amateur SpEn)
  3108 | D:4      | Killed rzd's ghost
  3108 | D:4      | Reached skill level 8 in Stealth
  3310 | D:4      | Got a brightly glowing leather armour
  3351 | D:4      | Reached skill level 5 in Short Blades
  3741 | D:4      | Identified the +2 leather armour of Ashenzari's Envy {-Cast rN+++ Stlth+} (You found it on level 4 of the Dungeon)
  3788 | D:5      | Entered Level 5 of the Dungeon
  3869 | D:5      | Reached XP level 7. HP: 51/51 MP: 7/7
  3909 | D:5      | Found a shimmering altar of Xom.
  4000 | D:5      | Reached skill level 1 in Armour
  4251 | D:5      | Found Cestec's Book Shoppe.
  4393 | D:5      | Reached skill level 9 in Stealth
  4462 | D:5      | Reached skill level 5 in Dodging
  4574 | D:5      | Noticed Grinder
  4604 | D:5      | Paralysed by Grinder for 4 turns
  4612 | D:5      | Paralysed by Grinder for 2 turns
  4620 | D:5      | Paralysed by Grinder for 3 turns
  4623 | D:5      | Killed Grinder
  4623 | D:5      | Reached XP level 8. HP: 57/57 MP: 8/8
  4996 | D:6      | Reached skill level 10 in Stealth
  5373 | D:6      | Found Syupun's Book Shoppe.
  5626 | D:7      | Noticed a hippogriff
  5629 | D:7      | Killed a hippogriff
  5977 | D:7      | Reached XP level 9. HP: 23/61 MP: 9/9
  6061 | D:7      | Reached skill level 11 in Stealth
  6154 | D:7      | Found a sparkling altar of Nemelex Xobeh.
  6447 | D:7      | Found a staircase to the Ecumenical Temple.
  6464 | D:7      | Noticed a troll
  6470 | Temple   | Entered the Ecumenical Temple
  6816 | Temple   | Became a worshipper of Dithmenos the Shadowed
  6845 | D:7      | HP: 3/61 [troll (10)]
  6871 | D:7      | Killed a troll
  7171 | D:8      | Found a staircase to the Lair.
  7239 | D:8      | Noticed Maurice
  7248 | D:8      | Killed Maurice
  7248 | D:8      | Reached skill level 12 in Stealth
  7309 | D:8      | Got a crystal short sword
  7318 | D:8      | Identified the cursed +3 short sword "Soih" {flame, Dex+3} (You found it on level 8 of the Dungeon)
  7376 | D:8      | Noticed Pikel
  7443 | D:8      | Killed Pikel
  7443 | D:8      | Reached skill level 5 in Armour
  7543 | D:8      | Noticed Prince Ribbit
  7579 | D:8      | Reached XP level 10. HP: 24/68 MP: 10/10
  7593 | D:8      | Gained mutation: You are resistant to hostile enchantments. (MR+) [potion of mutation]
  7593 | D:8      | Gained mutation: Your flesh is cold resistant. (rC+) [potion of mutation]
  7615 | D:8      | Killed Prince Ribbit
  8071 | D:8      | Noticed a two-headed ogre
  8079 | D:8      | Demolished by a two-headed ogre

Skill      XL: |  1  2  3  4  5  6  7  8  9 |
---------------+----------------------------+-----
Stealth        | 6 7 8 9 10 12 | 12.8
Short Blades   | 3 4 5 6 7 8 |  8.8
Dodging        | 2 3 4 5 6 8 |  8.3
Fighting       | 2 |  2.5
Armour         | 2 3 5 |  5.2
Throwing       | |  1.5

Action                   |  1- 3 |  4- 6 |  7- 9 | 10-12 || total
-------------------------+-------+-------+-------+-------++-------
Melee: Dagger            |    96 |   162 |   871 |   139 ||  1268
       Bite              |     7 |    15 |   117 |    18 ||   157
       Unarmed           |       |       |     5 |       ||     5
 Abil: End Transformatio |       |     1 |       |       ||     1
       Bat Form          |       |     1 |       |       ||     1
Evoke: Wand              |       |       |     4 |       ||     4
  Use: Scroll            |       |    10 |     6 |       ||    16
       Potion            |       |    11 |    28 |     2 ||    41
 Stab: Sleeping          |    16 |    15 |    10 |       ||    41
       Distracted        |       |       |     2 |       ||     2
       Invisible         |       |       |     2 |       ||     2
Armor: Robe              |    29 |    24 |       |       ||    53
       Leather armour    |       |     7 |   230 |    22 ||   259
Dodge: Dodged            |    62 |    83 |   586 |    75 ||   806
